 Dungeon Crawl Stone Soup version 0.28.0 (webtiles) character file.

Game seed: 6006551574115570556

7 GrayStillPlays the Shield-Bearer (level 2, 28/29 HPs)
             Began as a Gnoll Fighter on Feb 16, 2022.
             Was a Follower of Sif Muna.
             Quit the game on level 1 of the Dungeon.
             The game lasted 00:00:27 (223 turns).

GrayStillPlays the Shield-Bearer (Gnoll Fighter)     Turns: 223, Time: 00:00:28

Health: 28/29      AC:  7    Str: 15    XL:     2   Next: 0%
Magic:  2/2        EV:  9    Int:  7    God:    Sif Muna [*.....]
Gold:   0          SH:  5    Dex: 11    Spells: 1/1 levels left

rFire   . . .      SeeInvis .   a - +0 war axe {axe}
rCold   . . .      Faith    .   c - +0 buckler
rNeg    . . .      Spirit   .   b - +0 scale mail
rPois   .          Reflect  .   (no helmet)
rElec   .          Harm     .   (no cloak)
rCorr   .          Rampage  .   (no gloves)
Will    .....                   (no boots)
Stlth   ..........              (no amulet)
HPRegen 0.09/turn               (no ring)
MPRegen 0.08/turn               (no ring)

@: no status effects
A: fangs 1, strong nose, distributed training
a: Renounce Religion, Channel Magic


You were on level 1 of the Dungeon.
You worshipped Sif Muna.
Sif Muna was aware of your devotion.
You visited 1 branch of the dungeon, and saw 1 of its levels.


Innate Abilities, Weirdness & Mutations

You have very sharp teeth.
Your uncanny sense of smell can sniff out nearby items.
Your experience applies equally to all skills.


   Skills:
 + Level 6.4 Fighting
 + Level 0.2 Short Blades
 + Level 0.2 Long Blades
 + Level 4.4 Axes
 + Level 0.2 Maces & Flails
 + Level 0.2 Polearms
 + Level 0.2 Staves
 + Level 0.2 Slings
 + Level 0.2 Bows
 + Level 0.2 Crossbows
 + Level 0.2 Throwing
 + Level 6.4 Armour
 + Level 0.2 Dodging
 + Level 0.2 Stealth
 + Level 6.4 Shields
 + Level 0.2 Unarmed Combat
 + Level 0.2 Spellcasting
 + Level 0.1 Conjurations
 + Level 0.1 Hexes
 + Level 0.1 Summonings
 + Level 0.1 Necromancy
 + Level 0.1 Translocations
 + Level 0.1 Transmutations
 + Level 0.1 Fire Magic
 + Level 0.1 Ice Magic
 + Level 0.1 Air Magic
 + Level 0.1 Earth Magic
 + Level 0.1 Poison Magic
 + Level 0.3 Invocations
 + Level 0.2 Evocations


You had one spell level left.
You didn't know any spells.
Your spell library was empty.

Inventory:

Hand Weapons
 a - a +0 war axe (weapon) {axe}
Missiles
 f - 25 stones (quivered) {throwing}
Armour
 b - a +0 scale mail (worn)
 c - a +0 buckler (worn)
Scrolls
 e - 2 scrolls of teleportation {unknown}
Potions
 d - a potion of might

Dungeon Overview and Level Annotations

Branches:
Dungeon (1/15)

Altars:
Sif Muna

Shops:
D:1

?
##########........#......
#........#........#......
#..#....#....#....##.....
#.###..###..###...###....
#..#..## ##..#.#### #+...
##.....###.....### ##..
#..#...#...#....# ###
#####.....###...########
#### ##.@.## ##..#.......
#..###.†...###...#.......
#...#...#...#....#.......
#......###.......##......
#..#..## ##..#...##......
#####..###..###..##......
####....#....#...#.....##
#...............##...∩.##
#.......................#


There were no monsters in sight!


Message History

You hit the jackal.
You kill the jackal!
You slash the ball python!
You kill the ball python!
No target in view!
No target in view!
No target in view!
No target in view!
You see here a jackal corpse.
Found a faded altar of an unknown god.
A ball python comes into view.
A ball python is nearby!
A ball python is nearby!
A ball python is nearby!
A ball python comes into view.
The ball python hisses angrily.
You hit the ball python but do no damage.
The ball python barely misses you. You block the ball python's attack.
There are monsters nearby!
You closely miss the ball python. The ball python bites you.
The ball python grabs you. The ball python constricts you.
A frilled lizard comes into view.
You block the ball python's attack. The ball python constricts you.
The ball python bites you. 😕 HP[-3]
You take 3 damage, and now have 20/23 hp.
You closely miss the ball python. x2
The frilled lizard hisses angrily.
The ball python bites you but does no damage.
The ball python constricts you. The ball python barely misses you.
The ball python bites you. The ball python constricts you.
There are monsters nearby!
You hit the ball python.
You kill the ball python!
You closely miss the ball python. You block the ball python's attack.
The ball python grabs you. The ball python constricts you.
The ball python bites you but does no damage.
The ball python constricts you.
You completely miss the ball python. You block the ball python's attack.
The ball python constricts you. The ball python barely misses you.
The ball python constricts you.
There are monsters nearby!
You closely miss the ball python.
You hit the frilled lizard but do no damage.
You block the frilled lizard's attack.
The ball python bites you but does no damage.
The ball python constricts you. The frilled lizard barely misses you.
There are monsters nearby!
You closely miss the ball python. You closely miss the frilled lizard.
The ball python barely misses you. The ball python constricts you.
The frilled lizard bites you but does no damage.
The ball python bites you.
The ball python constricts you. 😕 HP[-2]
You take 2 damage, and now have 18/23 hp.
You slash the ball python!
You kill the ball python!
You miss the frilled lizard. The frilled lizard closely misses you.
A frilled lizard is nearby!
A frilled lizard is nearby!
You slash the frilled lizard!
You kill the frilled lizard!
Unknown command.
No target in view!
Key pressed, stopping explore.
No target in view! 😕 HP[+1] No target in view!
Key pressed, stopping explore.
No target in view! 😕 HP[+1] Key pressed, stopping explore.
Key pressed, stopping explore.
A ball python comes into view. 😎 HP[+3]
Your hp is fully restored (23).
You hit the ball python. The ball python closely misses you.
The ball python grabs you. The ball python constricts you.
The ball python bites you but does no damage.
The ball python constricts you. 😕 HP[-2]
You take 2 damage, and now have 21/23 hp.
You hit the ball python.
You kill the ball python!
You have reached level 2! 😕 HP[+6] MP[+1]
You now have 29 max hp (+6).
You regained 6 hp, and now have 27/29 hp.
Your mp is fully restored (2). 😕 HP[+1]
There is a faded altar of an unknown god here.
You cannot tell which god this altar belongs to.
Convert to them anyway?
Okay, then.
You cannot tell which god this altar belongs to.
Convert to them anyway?
Sif Muna accepts your prayer! Sif Muna welcomes you!
You can now call upon Sif Muna for magical energy.
Are you sure you want to abandon this character and quit the game? (Confirm with "yes".)

Action                   || total
-------------------------++-------
Melee: War axe           ||    14
Armor: Scale mail        ||     7
Dodge: Dodged            ||     8
Block: Buckler           ||     8

Levels and vault maps discovered:
D:1:      lemuel_arrival_rhombus, layout_basic, serial_shops, shop,
          nicolae_ecumenical_snake_handling, minmay_split_cup_large

Notes
Turn   | Place    | Note
-------+----------+-------------------------------------------
     0 | D:1      | GrayStillPlays the Gnoll Fighter began the quest for the
                  | Orb.
     0 | D:1      | Reached XP level 1. HP: 23/23 MP: 1/1
     0 | D:1      | magus.rc [v1.9.6]
    23 | D:1      | Found Zuqok's Magic Scroll Emporium.
    63 | D:1      | Found a faded altar of an unknown god.
   211 | D:1      | Reached XP level 2. HP: 27/29 MP: 2/2
   222 | D:1      | Prayed at the altar of an unknown god.
   222 | D:1      | Became a worshipper of Sif Muna the Loreminder
   222 | D:1      | Reached * piety under Sif Muna
   223 | D:1      | Quit the game

Vanquished Creatures
  2 jackals (D:1)
  4 ball pythons (D:1)
  A frilled lizard (D:1)
7 creatures vanquished.

Table legend:
 A = Non-vault XP
 B = Vault XP
 C = Vault XP percentage of total XP
 D = Non-vault monster count
 E = Vault monster count
 F = Vault count percentage of total count
                 A         B        C        D         E       F
            +---------+---------+-------+---------+---------+-------
      Total |       6 |       4 |  40.0 |       4 |       3 |  42.9
            +---------+---------+-------+---------+---------+-------
        D:1 |       6 |       4 |  40.0 |       4 |       3 |  42.9
            +---------+---------+-------+---------+---------+-------

Illustrated notes

Table legend:
 A = Kills in this place as a percentage of kills in entire the game.
 B = Kills by you in this place as a percentage of kills by you in the entire game.
 C = Kills by friends in this place as a percentage of kills by friends in the entire game.
 D = Other kills in this place as a percentage of other kills in the entire game.
 E = Experience gained in this place as a percentage of experience gained in the entire game.
 F = Experience gained in this place divided by the number of levels of this place that you have seen.
                   A       B       C       D       E      F
               +-------+-------+-------+-------+-------+----------------------
         Total | 100.0 | 100.0 |   N/A |   N/A | 100.0 |  10.0
       Dungeon | 100.0 | 100.0 |   N/A |   N/A | 100.0 |  10.0
               +-------+-------+-------+-------+-------+----------------------

Table legend: (Time is in decaauts)
 A = Elapsed time spent in this place.
 B = Non-inter-level travel time spent in this place.
 C = Inter-level travel time spent in this place.
 D = Time resting spent in this place.
 E = Time spent auto-exploring this place.
 F = Levels seen in this place.
 G = Mean time per level.
                   A        B        C        D        E       F      G
               +--------+--------+--------+--------+--------+-----+--------+
         Total |    227 |    216 |     11 |      0 |    182 |   1 |  227.0 |
       Dungeon |    227 |    216 |     11 |      0 |    182 |   1 |  227.0 |
               +--------+--------+--------+--------+--------+-----+--------+

Top non-repeatable levels by time:
     D:1: 227 daAuts
